PA
PROVO MANGO @ IDAHO FALLS CHUKARS
08/18/2032
 
TOP OF THE 1ST
Provo Mango batting - Pitching for Idaho Falls Chukars : LHP Eurauraga Attunga
Pitching: LHP Eurauraga Attunga
Batting: RHB Daniel Woods 0-0: Bunt missed!
0-1: Ball
1-1: Ground out 6-3 (Groundball, 6)
Batting: LHB Tom Haymon 0-0: Ball
1-0: Foul Ball, location: 2F
1-1: Ball
2-1: Foul Ball, location: 2F
2-2: Ball
3-2: Strikes out looking
Batting: RHB Freedon Akinmoladun 0-0: SINGLE (Groundball, 6MD)
Batting: RHB Alfonso Cabedo 0-0: Fielders Choice at 2nd, 6-4 (Groundball, 6)
Top of the 1st over - 0 runs, 1 hit, 0 errors, 1 left on base; Provo 0 - Idaho Falls 0
BOTTOM OF THE 1ST
Idaho Falls Chukars batting - Pitching for Provo Mango : LHP Isaaka Ienimea
Pitching: LHP Isaaka Ienimea
Batting: RHB James Cooper 0-0: Called Strike
0-1: Called Strike
0-2: Ball
1-2: Foul Ball, location: 2F
1-2: Ball
2-2: SINGLE (Line Drive, 89M)
Batting: RHB Fontana Contaldo 0-0: Ball
1-0: Fielders Choice at 2nd, 4-6 (Groundball, 4MD)
Batting: RHB Olaf Esveld 0-0: Foul Ball, location: 2F
0-1: Called Strike
0-2: Strikes out swinging
Batting: RHB Cooper Lowe 0-0: Swinging Strike
0-1: SINGLE (Groundball, 6D)
Fontana Contaldo to second
Batting: RHB Pedro Martínez 0-0: Called Strike
0-1: Ball
1-1: Ground out 4-3 (Groundball, 4)
Bottom of the 1st over - 0 runs, 2 hits, 0 errors, 2 left on base; Provo 0 - Idaho Falls 0
TOP OF THE 2ND
Provo Mango batting - Pitching for Idaho Falls Chukars : LHP Eurauraga Attunga
Batting: LHB Juan Ramírez 0-0: Called Strike
0-1: Ball
1-1: Ball
2-1: SINGLE (Line Drive, 89S)
Batting: RHB Rocky Zolman 0-0: Ball
1-0: Foul Ball, location: 2F
1-1: Ball
Wild Pitch!
Juan Ramírez to second
2-1: SINGLE (Flyball, 8LS)
Juan Ramírez to third
Batting: LHB Matt Palmer 0-0: Ball
1-0: Called Strike
1-1: Ball
2-1: Foul Ball, location: 2F
2-2: Ball
3-2: Fly out, F7 (Flyball, 7)
Runner from 3rd tags up, SCORES, throw made
Now in LF: Juan Sánchez
Batting: RHB Martin van Veldhuizen 0-0: Foul Ball, location: 2F
0-1: Ball
1-1: Ball
2-1: Ball
3-1: Base on Balls
Rocky Zolman to second
Batting: SHB Celio Guimaraens 0-0: Ball
1-0: Called Strike
1-1: Foul Ball, location: 2F
1-2: Strikes out swinging
Batting: RHB Daniel Woods 0-0: Ball
1-0: Ball
2-0: Ball
3-0: Base on Balls
Rocky Zolman to third
Martin van Veldhuizen to second
Batting: LHB Tom Haymon 0-0: Ball
1-0: Called Strike
1-1: Ball
2-1: Foul Ball, location: 2F
2-2: Ball
3-2: SINGLE (Line Drive, 34)
Rocky Zolman scores
Martin van Veldhuizen to third
Daniel Woods to second
Martin van Veldhuizen scores
Daniel Woods to third
Batting: RHB Freedon Akinmoladun 0-0: Called Strike
0-1: Ball
1-1: Fly out, F8 (Line Drive, 8LD)
Top of the 2nd over - 3 runs, 3 hits, 0 errors, 2 left on base; Provo 3 - Idaho Falls 0
BOTTOM OF THE 2ND
Idaho Falls Chukars batting - Pitching for Provo Mango : LHP Isaaka Ienimea
Batting: RHB Paul Evison 0-0: Called Strike
0-1: Ball
1-1: Ball
2-1: Swinging Strike
2-2: Foul Ball, location: 2F
2-2: Strikes out swinging
Batting: LHB Mike Zaugg 0-0: Called Strike
0-1: Ball
1-1: Fly out, F7 (Line Drive, 78D)
Batting: RHB Juan Sánchez 0-0: Foul Ball, location: 2F
0-1: Ball
1-1: Swinging Strike
1-2: Foul Ball, location: 2F
1-2: Ground out 6-3 (Groundball, 56)
Bottom of the 2nd over - 0 runs, 0 hits, 0 errors, 0 left on base; Provo 3 - Idaho Falls 0
TOP OF THE 3RD
Provo Mango batting - Pitching for Idaho Falls Chukars : LHP Eurauraga Attunga
Batting: RHB Alfonso Cabedo 0-0: Ball
1-0: Called Strike
1-1: Ball
2-1: Swinging Strike
2-2: Strikes out looking
Batting: LHB Juan Ramírez 0-0: SINGLE (Line Drive, 4MD)
Batting: RHB Rocky Zolman 0-0: Ball
1-0: Ball
2-0: Ball
3-0: Base on Balls
Juan Ramírez to second
Batting: LHB Matt Palmer 0-0: Foul Ball, location: 2F
0-1: Ground out 4-3 (Groundball, 4S)
Juan Ramírez to third
Rocky Zolman to second
Batting: RHB Martin van Veldhuizen 0-0: Ball
1-0: Called Strike
1-1: Ground out 6-3 (Groundball, 6)
Top of the 3rd over - 0 runs, 1 hit, 0 errors, 2 left on base; Provo 3 - Idaho Falls 0
BOTTOM OF THE 3RD
Idaho Falls Chukars batting - Pitching for Provo Mango : LHP Isaaka Ienimea
Batting: RHB Phillip Burgess 0-0: Called Strike
0-1: Foul Ball, location: 2F
0-2: Ball
1-2: Ball
2-2: Ball
3-2: Ground out 5-3 (Groundball, 5S)
Batting: RHB James Cooper 0-0: Foul Ball, location: 2F
0-1: Ball
1-1: Ball
2-1: Ball
3-1: Base on Balls
Batting: RHB Fontana Contaldo 0-0: Grounds into double play, 6-4-3 (Groundball, 6M)
Bottom of the 3rd over - 0 runs, 0 hits, 0 errors, 0 left on base; Provo 3 - Idaho Falls 0
TOP OF THE 4TH
Provo Mango batting - Pitching for Idaho Falls Chukars : LHP Eurauraga Attunga
Batting: SHB Celio Guimaraens 0-0: Foul Ball, location: 2F
0-1: Ground out 4-3 (Groundball, 4S)
Batting: RHB Daniel Woods 0-0: Called Strike
0-1: Ball
1-1: Foul Ball, location: 2F
1-2: Foul Ball, location: 2F
1-2: Strikes out swinging
Batting: LHB Tom Haymon 0-0: Swinging Strike
0-1: Ball
1-1: Foul Ball, location: 2F
1-2: Ball
2-2: Strikes out looking
Top of the 4th over - 0 runs, 0 hits, 0 errors, 0 left on base; Provo 3 - Idaho Falls 0
BOTTOM OF THE 4TH
Idaho Falls Chukars batting - Pitching for Provo Mango : LHP Isaaka Ienimea
Batting: RHB Olaf Esveld 0-0: Fly out, F9 (Flyball, 9S)
Batting: RHB Cooper Lowe 0-0: Ball
1-0: SINGLE (Groundball, 6MD)
Batting: RHB Pedro Martínez 0-0: Called Strike
0-1: Swinging Strike
0-2: Strikes out swinging
Batting: RHB Paul Evison 0-0: Ball
1-0: Called Strike
1-1: Called Strike
1-2: Ball
2-2: Ball
3-2: Fly out, F5 (Line Drive, 56)
Bottom of the 4th over - 0 runs, 1 hit, 0 errors, 1 left on base; Provo 3 - Idaho Falls 0
TOP OF THE 5TH
Provo Mango batting - Pitching for Idaho Falls Chukars : LHP Eurauraga Attunga
Pitching: RHP Ed Steward
Batting: RHB Freedon Akinmoladun 0-0: Ball
1-0: Ball
2-0: Ball
3-0: Base on Balls
Batting: RHB Alfonso Cabedo 0-0: Called Strike
0-1: Foul Ball, location: 2F
0-2: Strikes out looking
Batting: LHB Juan Ramírez 0-0: Ball
1-0: Ball
2-0: Called Strike
2-1: Called Strike
2-2: Foul Ball, location: 2F
2-2: Foul Ball, location: 2F
2-2: Ground out U3 (Groundball, 34)
Freedon Akinmoladun to second
Batting: RHB Rocky Zolman 0-0: Called Strike
0-1: Ball
1-1: DOUBLE (Line Drive, 78D)
Freedon Akinmoladun scores
Batting: LHB Matt Palmer 0-0: Ball
1-0: Ball
2-0: Called Strike
2-1: Foul Ball, location: 2F
2-2: Foul Ball, location: 2F
2-2: Fly out, F9 (Line Drive, 9)
Top of the 5th over - 1 run, 1 hit, 0 errors, 1 left on base; Provo 4 - Idaho Falls 0
BOTTOM OF THE 5TH
Idaho Falls Chukars batting - Pitching for Provo Mango : LHP Isaaka Ienimea
Batting: LHB Mike Zaugg 0-0: Foul Ball, location: 2F
0-1: Ball
1-1: Ball
2-1: Ball
3-1: Called Strike
3-2: Strikes out swinging
Batting: RHB Juan Sánchez 0-0: Ball
1-0: Foul Ball, location: 2F
1-1: Foul Ball, location: 2F
1-2: Strikes out looking
Batting: RHB Phillip Burgess 0-0: Ground out 5-3 (Groundball, 56)
Bottom of the 5th over - 0 runs, 0 hits, 0 errors, 0 left on base; Provo 4 - Idaho Falls 0
TOP OF THE 6TH
Provo Mango batting - Pitching for Idaho Falls Chukars : RHP Ed Steward
Batting: RHB Martin van Veldhuizen 0-0: Ball
1-0: Ground out 6-3 (Groundball, 6S)
Batting: SHB Celio Guimaraens 0-0: Called Strike
0-1: Foul Ball, location: 2F
0-2: Ball
1-2: Ground out 5-3 (Groundball, 56S)
Batting: RHB Daniel Woods 0-0: Called Strike
0-1: Ball
1-1: Called Strike
1-2: Strikes out swinging
Top of the 6th over - 0 runs, 0 hits, 0 errors, 0 left on base; Provo 4 - Idaho Falls 0
BOTTOM OF THE 6TH
Idaho Falls Chukars batting - Pitching for Provo Mango : LHP Isaaka Ienimea
Batting: RHB James Cooper 0-0: Called Strike
0-1: Ground out 4-3 (Groundball, 4M)
Batting: RHB Fontana Contaldo 0-0: Ball
1-0: Ball
2-0: Fly out, F8 (Flyball, 8LD)
Batting: RHB Olaf Esveld 0-0: Swinging Strike
0-1: Ground out 5-3 (Groundball, 56)
Bottom of the 6th over - 0 runs, 0 hits, 0 errors, 0 left on base; Provo 4 - Idaho Falls 0
TOP OF THE 7TH
Provo Mango batting - Pitching for Idaho Falls Chukars : RHP Ed Steward
Batting: LHB Tom Haymon 0-0: Ball
1-0: Ball
2-0: Called Strike
2-1: Called Strike
2-2: Ball
3-2: Base on Balls
Batting: RHB Freedon Akinmoladun 0-0: Ball
1-0: 2-RUN HOME RUN (Flyball, 7LD), Distance : 385 ft
Batting: RHB Alfonso Cabedo 0-0: Called Strike
0-1: Swinging Strike
0-2: Ball
1-2: Strikes out swinging
Batting: LHB Juan Ramírez 0-0: Called Strike
0-1: Foul Ball, location: 2F
0-2: Foul Ball, location: 2F
0-2: Fly out, F8 (Flyball, 8RXD)
Batting: RHB Rocky Zolman 0-0: Swinging Strike
0-1: Ground out 6-3 (Groundball, 56)
Top of the 7th over - 2 runs, 1 hit, 0 errors, 0 left on base; Provo 6 - Idaho Falls 0
BOTTOM OF THE 7TH
Idaho Falls Chukars batting - Pitching for Provo Mango : LHP Isaaka Ienimea
Batting: RHB Cooper Lowe 0-0: Ball
1-0: Called Strike
1-1: Called Strike
1-2: Strikes out swinging
Batting: RHB Pedro Martínez 0-0: Ball
1-0: Foul Ball, location: 2F
1-1: Called Strike
1-2: Ground out 5-3 (Groundball, 56)
Batting: RHB Paul Evison 0-0: Ball
1-0: Ground out 5-3 (Groundball, 56)
Bottom of the 7th over - 0 runs, 0 hits, 0 errors, 0 left on base; Provo 6 - Idaho Falls 0
TOP OF THE 8TH
Provo Mango batting - Pitching for Idaho Falls Chukars : RHP Ed Steward
Batting: LHB Matt Palmer 0-0: Foul Ball, location: 2F
0-1: Ball
1-1: Ground out U3 (Groundball, 34)
Batting: RHB Martin van Veldhuizen 0-0: Ball
1-0: Ground out 5-3 (Groundball, 56)
Batting: SHB Celio Guimaraens 0-0: Ball
1-0: Fly out, F3 (Popup, 3SF)
Top of the 8th over - 0 runs, 0 hits, 0 errors, 0 left on base; Provo 6 - Idaho Falls 0
BOTTOM OF THE 8TH
Idaho Falls Chukars batting - Pitching for Provo Mango : LHP Isaaka Ienimea
Batting: LHB Mike Zaugg 0-0: Ball
1-0: Ball
2-0: Ground out 2-3 (Groundball, 2L)
Batting: RHB Juan Sánchez 0-0: Fly out, F3 (Popup, 3F)
Batting: RHB Phillip Burgess 0-0: Ball
1-0: Called Strike
1-1: Called Strike
1-2: Ball
2-2: Strikes out looking
Bottom of the 8th over - 0 runs, 0 hits, 0 errors, 0 left on base; Provo 6 - Idaho Falls 0
TOP OF THE 9TH
Provo Mango batting - Pitching for Idaho Falls Chukars : RHP Ed Steward
Batting: RHB Daniel Woods 0-0: Called Strike
0-1: Foul Ball, location: 2F
0-2: Ball
1-2: Strikes out swinging
Batting: LHB Tom Haymon 0-0: Called Strike
0-1: Called Strike
0-2: Foul Ball, location: 2F
0-2: Ball
1-2: Ball
2-2: Foul Ball, location: 2F
2-2: Ball
3-2: DOUBLE (Popup, 4MD)
Pitching: LHP Albert Hernández
Batting: RHB Freedon Akinmoladun 0-0: Foul Ball, location: 2F
0-1: Fly out, F7 (Line Drive, 7)
Batting: RHB Alfonso Cabedo 0-0: Fly out, F7 (Flyball, 7LM)
Top of the 9th over - 0 runs, 1 hit, 0 errors, 1 left on base; Provo 6 - Idaho Falls 0
BOTTOM OF THE 9TH
Idaho Falls Chukars batting - Pitching for Provo Mango : LHP Isaaka Ienimea
Batting: RHB James Cooper 0-0: Foul Ball, location: 2F
0-1: Ground out 5-3 (Groundball, 56S)
Batting: RHB Fontana Contaldo 0-0: Foul Ball, location: 2F
0-1: Foul Ball, location: 2F
0-2: Ball
1-2: Ball
2-2: Fly out, F6 (Line Drive, 6M)
Batting: RHB Olaf Esveld 0-0: DOUBLE (Line Drive, 78XD)
Batting: RHB Cooper Lowe 0-0: Ball
1-0: Ground out 6-3 (Groundball, 6)
Bottom of the 9th over - 0 runs, 1 hit, 0 errors, 1 left on base; Provo 6 - Idaho Falls 0
Wednesday, September 19th, 2018 - OOTP Baseball 18.8 Build 76